 Dungeon Crawl Stone Soup version 0.28.0-47-ge53b351184 (webtiles) character file.

Game seed: 1190031985139986364

13170 Zeld the Fighter (level 11, -9/156 HPs)
             Began as a Grey Draconian Monk on Apr 28, 2022.
             Was a Priest of Qazlal.
             Shot with an arrow by Nessos (19 damage)
             ... on level 12 of the Dungeon.
             The game lasted 00:16:19 (17361 turns).

Zeld the Fighter (Grey Draconian Monk)             Turns: 17361, Time: 00:16:19

Health: -9/156     AC: 15    Str: 18    XL:     11   Next: 72%
Magic:  14/14      EV: 15    Int: 11    God:    Qazlal [***...]
Gold:   567        SH:  4    Dex: 13    Spells: 10/10 levels left

rFire   . . .      SeeInvis .   a - +2 battleaxe
rCold   . . .      Faith    .   (shield currently unavailable)
rNeg    . . .      Spirit   .   (armour unavailable)
rPois   .          Reflect  .   (helmet restricted)
rElec   .          Harm     .   E - +0 cloak
rCorr   .          Rampage  .   q - +0 pair of gloves
Will    .....                   v - +0 pair of boots
Stlth   ..........              (no amulet)
HPRegen 0.36/turn               (no ring)
MPRegen 0.14/turn               (no ring)

@: berserking, lethally poisoned (-9 -> -46), very quick
A: AC +12, amphibious, unfitting armour, cold-blooded
a: Renounce Religion, Upheaval, Elemental Force


You were on level 12 of the Dungeon.
You worshipped Qazlal.
Qazlal was most pleased with you.
You visited 2 branches of the dungeon, and saw 13 of its levels.
You also visited: Sewer.

You collected 567 gold pieces.

Inventory:

Hand Weapons
 a - a +2 battleaxe (weapon)
Armour
 q - a +0 pair of gloves (worn)
 v - a +0 pair of boots (worn)
 E - a +0 cloak (worn)
Wands
 B - a wand of charming (4)
Scrolls
 c - a scroll of holy word {unknown}
 i - 4 scrolls of enchant armour
 j - 3 scrolls of magic mapping
 l - 3 scrolls of fear
 p - 2 scrolls of amnesia
 r - a scroll of fog {unknown}
 s - a scroll of brand weapon {unknown}
 t - 2 scrolls of immolation {unknown}
 w - a scroll of teleportation {unknown}
 y - a scroll of noise {unknown}
Potions
 b - 2 potions of curing {unknown}
 f - a potion of invisibility {unknown}
 h - a potion of berserk rage
 k - a potion of magic {unknown}
 m - 3 potions of lignification {unknown}
 n - a potion of ambrosia {unknown}
 o - a potion of mutation {unknown}
 u - 4 potions of flight {unknown}
 x - 3 potions of resistance {unknown}
 z - a potion of degeneration {unknown}
 A - 3 potions of heal wounds {unknown}
Miscellaneous
 C - a condenser vane (inert)


   Skills:
 * Level 11.7 Fighting
 * Level 10.8 Axes
 + Level 7.1 Dodging
 + Level 7.4 Stealth
 + Level 5.1 Invocations
 + Level 4.7 Evocations


You had 10 spell levels left.
You didn't know any spells.
Your spell library was empty.

Dungeon Overview and Level Annotations

Branches:
Dungeon (12/15)            Temple (1/1) D:4            Lair (0/6) D:11
    Orc (0/2) D:11          Sewer (visited)

Altars:
Ashenzari
Cheibriados
Dithmenos
Elyvilon
Fedhas
Gozag
Hepliaklqana
Kikubaaqudgha
Makhleb
Nemelex Xobeh
Okawaru
Qazlal
Ru
Sif Muna
Trog
Uskayaw
Vehumet
Wu Jian
Xom
Yredelemnul
Zin
The Shining One

Annotations:
D:12 Nessos


Innate Abilities, Weirdness & Mutations

Your dull iron-grey scales are very hard. (AC +12)
You are amphibious.
You cannot fit into any form of body armour.
You are cold-blooded and may be slowed by cold attacks.


Message History

Nessos seems to speed up.
Nessos shoots an arrow.
The arrow hits you! The arrow burns you.
You are poisoned.
Nessos shoots an arrow.
The arrow barely misses you.
Nessos pounds the earth with their hooves.
Nessos mumbles some strange words.
Nessos blinks!
You feel very sick.
Nessos casts a spell.
Nessos blinks!
Nessos shoots an arrow.
The arrow hits you! The arrow burns you.
You are more poisoned.
You feel very sick.
Nessos shoots an arrow.
The arrow hits you! The arrow burns you.
You are more poisoned.
Nessos shoots an arrow.
You block the arrow.
You feel extremely sick.
Nessos shoots an arrow.
The arrow hits you. The arrow burns you.
You are more poisoned.
You feel extremely sick.
* * * LOW HITPOINT WARNING * * *
You feel extremely sick.
Nessos gestures wildly while chanting.
Nessos blinks!
It was a potion of berserk rage.
A red film seems to cover your vision as you go berserk!
You feel yourself moving faster!
You feel mighty!
You feel very sick.
Nessos stands on their hind legs for a moment.
Nessos shoots an arrow.
The arrow hits you!
* * * LOW HITPOINT WARNING * * *
The arrow burns you.
You are more poisoned.
* * * LOW HITPOINT WARNING * * *
Nessos mumbles some strange words.
Nessos blinks!
You feel a strong urge to attack something.
* * * LOW HITPOINT WARNING * * *
You feel extremely sick.
Nessos shoots an arrow.
The arrow hits you!!
You die...

## .#≈# .≈≈≈#
.≈≈≈≈##########
.....§........###########
...§.......c....@........
.≈≈≈≈≈#######..#######.##
.≈≈≈≈## ##.# .≈≈≈# #.##
#..(.... .#≈# #..#
#...... ## ##.## #....)
#..# #.... ##.## ... #).#
#.#


You could see Nessos (fast).

Vanquished Creatures
  A hydra (D:11)
  Harold (D:10)
  2 two-headed ogres
  Maurice (D:10)
  A gargoyle (D:12)
  An unseen horror (D:12)
  2 polar bears (D:11)
  A hornet (D:10)
  A troll (D:11)
  A meliai zombie (D:11)
  8 yaks
  3 wraiths
  4 wyverns
  Grum (D:9)
  4 vampire mosquitoes (D:11)
  3 wargs
  2 acid dragons
  2 water moccasins
  Pargi (Sewer)
  An ice beast (D:8)
  A sky beast (D:7)
  3 orc warriors
  An ogre (D:5)
  3 wolves (D:9)
  A centaur (D:10)
  A phantom (D:6)
  2 bullfrogs
  4 kobold brigands
  A gnoll sergeant (D:8)
  3 scorpions
  A water moccasin skeleton (D:5)
  18 wights
  2 killer bees (D:10)
  3 howler monkeys
  A vampire bat (D:5)
  A bullfrog zombie (D:6)
  6 centaur zombies
  A hound (D:4)
  3 jellies
  An orc priest (D:6)
  A bullfrog skeleton (D:5)
  A gnoll shaman (D:8)
  A centaur skeleton (D:5)
  2 iguanas
  7 orc wizards
  3 howler monkey zombies
  10 adders
  7 gnolls (D:8)
  2 white imps
  An ufetubus (D:5)
  3 adder skeletons
  2 worms
  A dart slug (D:1)
  3 fire bats (D:5)
  14 orcs
  2 spectral bats (D:5)
  16 bats
  3 bat skeletons (D:5)
  A bat zombie (D:5)
  7 endoplasms
  7 giant cockroaches
  4 goblins
  7 hobgoblins
  8 jackals
  25 kobolds
  4 quokkas
  10 ball pythons
  A bat simulacrum (D:5)
  5 frilled lizards
  7 rats
263 creatures vanquished.

Vanquished Creatures (collateral kills)
  A two-headed ogre (D:10)
  A kobold demonologist (D:12)
  A killer bee (D:9)
3 creatures vanquished.

Vanquished Creatures (others)
  A basilisk (D:11)
  A killer bee (D:9)
  A bush (D:11)
  3 fungi (D:11)
  13 plants (D:11)
  A withered plant (D:7)
20 creatures vanquished.

Grand Total: 286 creatures vanquished

Notes
Turn   | Place    | Note
-------+----------+-------------------------------------------
     0 | D:1      | Zeld the Draconian Monk began the quest for the Orb.
     0 | D:1      | Reached XP level 1. HP: 19/19 MP: 1/1
   146 | D:1      | Reached XP level 2. HP: 23/26 MP: 2/2
   440 | D:1      | Found a faded altar of an unknown god.
   707 | D:1      | Reached XP level 3. HP: 26/33 MP: 3/3
  1117 | D:2      | Found a white marble altar of Elyvilon.
  1537 | D:2      | HP: 1/33 [kobold/+2 whip of electrocution (11)]
  2662 | D:3      | Reached skill level 4 in Fighting
  2758 | D:3      | Found a glowing drain.
  2792 | Sewer    | Entered a sewer
  3042 | Sewer    | Reached XP level 4. HP: 31/40 MP: 4/4
  3252 | Sewer    | Noticed Pargi
  3258 | Sewer    | Killed Pargi
  3259 | Sewer    | Reached XP level 5. HP: 36/47 MP: 5/5
  3547 | D:3      | Found a shimmering blue altar of Sif Muna.
  3547 | D:3      | Found a radiant altar of Vehumet.
  4245 | D:4      | Found a staircase to the Ecumenical Temple.
  4252 | D:4      | Noticed a wyvern
  4263 | D:4      | Killed a wyvern
  4264 | D:4      | Reached skill level 5 in Fighting
  4264 | D:4      | Reached XP level 6. HP: 4/56 MP: 6/6
  4266 | Temple   | Entered the Ecumenical Temple
  4661 | Temple   | Became a worshipper of Qazlal Stormbringer
  4661 | Temple   | Reached * piety under Qazlal
  4661 | Temple   | Reached ** piety under Qazlal
  4870 | D:4      | Reached skill level 5 in Axes
  6045 | D:5      | Entered Level 5 of the Dungeon
  6054 | D:5      | Your scales start taking on a dull iron-grey colour.
  6054 | D:5      | Reached XP level 7. HP: 46/62 MP: 7/7
  6166 | D:5      | Reached skill level 6 in Fighting
  6985 | D:5      | Reached XP level 8. HP: 71/71 MP: 8/8
  7030 | D:5      | Reached *** piety under Qazlal
  7299 | D:6      | Reached skill level 7 in Fighting
  8928 | D:7      | Reached skill level 8 in Fighting
  8928 | D:7      | Reached skill level 5 in Dodging
  8928 | D:7      | Reached skill level 5 in Stealth
  8928 | D:7      | Reached XP level 9. HP: 47/81 MP: 9/9
  9319 | D:7      | Found a basalt altar of Yredelemnul.
  9965 | D:8      | Reached **** piety under Qazlal
 10730 | D:8      | Reached skill level 9 in Fighting
 11794 | D:9      | Reached skill level 1 in Invocations
 11800 | D:9      | Reached skill level 1 in Evocations
 11887 | D:9      | Found an ornate altar of the Wu Jian Council.
 11968 | D:9      | Noticed Grum
 12006 | D:10     | Entered Level 10 of the Dungeon
 12027 | D:10     | Reached XP level 10. HP: 16/92 MP: 11/11
 12567 | D:9      | Killed Grum
 12888 | D:9      | Noticed a green ugly thing
 12888 | D:9      | Noticed a centaur warrior
 12888 | D:9      | Noticed a centaur warrior
 12889 | D:9      | Noticed a tengu warrior
 12889 | D:9      | Noticed a two-headed ogre
 12986 | D:9      | Noticed a fire crab
 12986 | D:9      | Identified the +1 robe of Analysis {Will++}
 13072 | D:10     | Reached ***** piety under Qazlal
 13072 | D:10     | Noticed Maurice
 13398 | D:10     | Noticed a two-headed ogre
 13411 | D:10     | Killed a two-headed ogre
 13412 | D:10     | Reached skill level 10 in Fighting
 13592 | D:10     | Killed Maurice
 14049 | D:10     | Noticed Harold
 14065 | D:10     | Noticed a two-headed ogre
 14071 | D:10     | Killed a two-headed ogre
 14075 | D:10     | Killed Harold
 14375 | D:11     | Noticed an eight-headed hydra
 14375 | D:11     | Found a staircase to the Orcish Mines.
 14424 | D:11     | Noticed a two-headed ogre
 14431 | D:11     | Killed a two-headed ogre
 14432 | D:11     | Reached skill level 10 in Axes
 14432 | D:11     | Reached XP level 11. HP: 101/101 MP: 13/13
 14489 | D:11     | Reached skill level 11 in Fighting
 15312 | D:11     | Killed an eight-headed hydra
 15632 | D:11     | Found a staircase to the Lair.
 16052 | D:11     | Found a bloodstained altar of Trog.
 16358 | D:12     | Noticed an eight-headed hydra
 17108 | D:12     | Reached skill level 5 in Invocations
 17347 | D:12     | Noticed Nessos
 17361 | D:12     | Shot with an arrow by Nessos

Illustrated notes

Levels and vault maps discovered:
D:1:      sevenhm_arrival_forest_fort_large_1, layout_rooms,
          chequers_ecumenical_altar_grove
D:2:      layout_loops_ring, basic_altar
D:3:      layout_loops_ring, mainiacjoe_overflow_large_starburst,
          gup_sewer_entry_pipe, grunt_ministairs_13
D:4:      layout_basic, minmay_temple_entry_tees
D:5:      layout_gridville, st_stairs_12, chequers_serial_rivers_large_a,
          goddamned_bats
D:6:      layout_loops_cross
D:7:      layout_basic, yredelemnul_altar_generic
D:8:      layout_cave_pools
D:9:      layout_basic, old_standard_altar, minivault_12, uniq_grum
D:10:     layout_basic, uniq_harold, uniq_maurice
D:11:     layout_loops_ring, minmay_lair_entry_grove,
          minmay_orc_entry_guard_dogs, trog_ov_bears_minmay
D:12:     layout_basic, uniq_nessos
Temple:   regret_index_temple_mists

Skill      XL: |  1  2  3  4  5  6  7  8  9 10 11 |
---------------+----------------------------------+-----
Stealth        | 2 3 4 5 6 7 |  7.4
Dodging        | 3 4 5 6 7 |  7.1
Fighting       | 4 5 6 8 9 10 11 | 11.7
Axes           | 4 5 6 7 8 10 | 10.8
Invocations    | 1 3 5 |  5.1
Evocations     | 1 3 4 |  4.7

Action                   |  1- 3 |  4- 6 |  7- 9 | 10-12 || total
-------------------------+-------+-------+-------+-------++-------
Melee: Hand axe          |   167 |    61 |       |       ||   228
       Tailslap          |    14 |    16 |    57 |    38 ||   125
       Punch             |     2 |       |     6 |       ||     8
       War axe           |       |    44 |   317 |       ||   361
       Battleaxe         |       |       |    82 |   248 ||   330
Invok: Upheaval          |       |       |       |     7 ||     7
       Disaster Area     |       |       |       |     1 ||     1
Evoke: Wand              |       |     9 |    11 |    29 ||    49
       Condenser vane    |       |       |       |     1 ||     1
  Use: Scroll            |       |       |       |     7 ||     7
       Potion            |       |       |       |     1 ||     1
 Stab: Sleeping          |     7 |     4 |       |       ||    11
       Confused          |       |       |       |     1 ||     1
       Betrayed ally     |       |       |       |     1 ||     1
Armor: Skin              |    55 |    46 |   225 |   153 ||   479
Dodge: Dodged            |   120 |    97 |   383 |   248 ||   848
       Repelled          |       |       |     1 |       ||     1
Block: Other             |       |     2 |   122 |   100 ||   224
